 Dungeon Crawl Stone Soup version 0.30-a0-360-g447f08457e (webtiles) character file.

Game seed: 10836221843244061358

4480 sleeves the Carver (level 10, 0/62 (70) HPs)
             Began as a Demonspawn Monk on Nov 13, 2022.
             Was a Priest of Okawaru.
             Slain by a centaur (1 damage)
             ... on level 8 of the Dungeon.
             The game lasted 00:07:54 (7605 turns).

sleeves the Carver (Demonspawn Monk)                Turns: 7605, Time: 00:07:55

HP:   0/62 (70)     AC:  0    Str: 15    XL:     10   Next: 16%
MP:   0/14          EV: 10    Int: 17    God:    Okawaru [***...]
Gold: 377           SH: 10    Dex: 17    Spells: 9/9 levels left

rFire   . . .      SeeInvis .    H - +1 scimitar (freeze)
rCold   . . .      Faith    .    y - +0 buckler
rNeg    . . .      Spirit   +    s - +0 scale mail
rPois   +          Reflect  .    (helmet restricted)
rElec   .          Harm     .    r - +0 cloak
rCorr   .          Rampage  .    (no gloves)
Will    .....                    h - +0 pair of boots
Stlth   +.........               m - amulet of magic regeneration
HPRegen 0.30/turn                t - ring of poison resistance
MPRegen 0.68/turn                G - +6 ring of intelligence

@: corroded, heavily drained
A: horns 2, large bone plates 1, magic shield, magic regeneration, magic link
a: Renounce Religion, Heroism


You were on level 8 of the Dungeon.
You worshipped Okawaru.
Okawaru was most pleased with you.
You visited 2 branches of the dungeon, and saw 9 of its levels.

You collected 377 gold pieces.

Inventory:

Hand Weapons
 D - a +3 dagger of electrocution
   (You took it off Dowan on level 6 of the Dungeon)
 H - a +1 scimitar of freezing (weapon)
   (You took it off a wight on level 7 of the Dungeon)
Missiles
 A - 2 throwing nets (quivered)
Armour
 h - a +0 pair of boots (worn)
   (You found it on level 1 of the Dungeon)
 r - a +0 cloak (worn)
   (You found it on level 2 of the Dungeon)
 s - a +0 scale mail (worn)
   (You took it off Terence on level 2 of the Dungeon)
 y - a +0 buckler (worn)
   (You found it on level 4 of the Dungeon)
 E - a +2 robe of cold resistance
   (You took it off Dowan on level 6 of the Dungeon)
 F - +0 acid dragon scales
   (You took it off Maggie on level 7 of the Dungeon)
Jewellery
 m - an amulet of magic regeneration (around neck)
   (You found it on level 2 of the Dungeon)
 t - a ring of poison resistance (left hand)
   (You found it on level 3 of the Dungeon)
 w - a ring of fire
   (You found it on level 3 of the Dungeon)
 G - a +6 ring of intelligence (right hand)
   (You found it on level 7 of the Dungeon)
Wands
 e - a wand of mindburst (28)
   (You found it on level 3 of the Dungeon)
 B - a wand of flame (15)
   (You found it on level 5 of the Dungeon)
 C - a wand of digging (4)
   (You found it on level 6 of the Dungeon)
Scrolls
 b - 4 scrolls of magic mapping {unknown}
 c - a scroll of immolation {unknown}
 f - 8 scrolls of teleportation {unknown}
 k - 6 scrolls of identify {unknown}
 l - 2 scrolls of noise {unknown}
 n - 2 scrolls of enchant weapon {unknown}
 o - a scroll of enchant armour {unknown}
 p - a scroll of poison {unknown}
 v - a scroll of blinking {unknown}
 x - a scroll of vulnerability {unknown}
Potions
 d - a potion of degeneration {unknown}
 g - a potion of mutation {unknown}
 i - 2 potions of brilliance {unknown}
 j - 2 potions of magic {unknown}
 q - 2 potions of curing {unknown}
 z - a potion of lignification {unknown}


   Skills:
 - Level 3.0 Fighting
 + Level 10.5 Long Blades
 - Level 2.6 Dodging
 - Level 1.7 Stealth
 + Level 7.9 Shields
 + Level 6.3 Invocations


You had 9 spell levels left.
You didn't know any spells.
Your spell library contained the following spells:

 Spells                   Type           Power      Damage    Failure   Level
 Beastly Appendage        Tmut           0%         N/A       77%         1
 Shock                    Conj/Air       0%         1d3       77%         1
 Wereblood                Tmut           0%         N/A       88%         2
 Mephitic Cloud           Conj/Pois/Air  0%         N/A       98%         3
 Portal Projectile        Hex/Tloc       0%         N/A       98%         3
 Spider Form              Tmut/Pois      0%         N/A       98%         3
 Swiftness                Air            0%         N/A       98%         3
 Airstrike                Air            0%         2d(0-16)  100%        4
 Cause Fear               Hex            0%         N/A       100%        4
 Fulminant Prism          Conj/Hex       0%         3d5       100%        4
 Leda's Liquefaction      Hex/Erth       0%         N/A       100%        4
 Dragon Form              Tmut           0%         N/A       100%        7
 Lehudib's Crystal Spear  Conj/Erth      0%         10d2      100%        8
 Summon Small Mammal      Summ           Unusable   N/A       N/A         1
 Call Canine Familiar     Summ           Unusable   N/A       N/A         3
 Summon Guardian Golem    Hex/Summ       Unusable   N/A       N/A         3
 Tukima's Dance           Hex            Unusable   N/A       N/A         3
 Animate Dead             Necr           Unusable   N/A       N/A         4
 Haunt                    Necr/Summ      Unusable   N/A       N/A         7
 Infestation              Necr           Unusable   N/A       N/A         8
 Dragon's Call            Summ           Unusable   N/A       N/A         9

Dungeon Overview and Level Annotations

Branches:
Dungeon (8/15)             Temple (1/1) D:6
   Lair: D:8-11

Altars:
Cheibriados
Dithmenos
Fedhas
Gozag
Hepliaklqana
Kikubaaqudgha
Makhleb
Nemelex Xobeh
Okawaru
Ru
Sif Muna
Trog
Uskayaw
Vehumet
Wu Jian
Xom

Annotations:
D:2 1 runed translucent door, Crazy Yiuf
D:3 2 transporters


Innate Abilities, Weirdness & Mutations

You have a pair of horns on your head.
You are partially covered in large bone plates. (SH +4)
When hurt, damage is shared between your health and your magic reserves.
You regenerate magic rapidly.
When low on magic, you restore magic in place of health.


Message History

There are monsters nearby!
Found 17 gold pieces.
The centaur shoots an arrow.
The arrow hits you! The hornet misses you.
There is a large open door, spattered with blood here.
You hit the hornet. Lightning courses through the hornet!
You headbutt the hornet, but do no damage.
The hornet is moderately wounded.
The centaur shoots an arrow.
The arrow hits you. You block the hornet's attack.
You closely miss the hornet.
You headbutt the hornet, but do no damage.
The hornet is moderately wounded.
The centaur shoots an arrow.
The arrow hits you!
The hornet stings you but does no damage.
You are too injured to fight recklessly!
You are too injured to fight recklessly!
You are too injured to fight recklessly!
You are too injured to fight recklessly!
You are too injured to fight recklessly!
You are too injured to fight recklessly!
You are too injured to fight recklessly!
You are too injured to fight recklessly!
You are too injured to fight recklessly!
You are too injured to fight recklessly!
You are too injured to fight recklessly!
You are too injured to fight recklessly!
You are too injured to fight recklessly!
You are too injured to fight recklessly!
You are too injured to fight recklessly!
You gain the combat prowess of a mighty hero.
The hornet barely misses you.
The centaur shoots an arrow.
The arrow hits you.
You hit the hornet but do no damage. Lightning courses through the hornet!
You headbutt the hornet.
The hornet is almost dead.
The hornet closely misses you.
The centaur shoots an arrow.
You block the arrow.
You hit the hornet. Lightning courses through the hornet!
You kill the hornet!
Okawaru accepts your kill.
Your Invocations skill increases to level 3!
The centaur shoots an arrow.
You block the arrow.
The centaur shoots an arrow.
You block the arrow.
The centaur unwields a +0 shortbow.
You block the centaur's attack. x2
You hit the centaur but do no damage. You block the centaur's attack.
The centaur kicks you but does no damage.
You completely miss the centaur. You headbutt the centaur.
The centaur is lightly wounded.
You block the centaur's attack. x2
You hit the centaur but do no damage. Lightning courses through the centaur!
The centaur is heavily wounded.
You hit the centaur but do no damage. Lightning courses through the centaur!!
You kill the centaur!
Okawaru accepts your kill.
Your base Shields skill increases to level 7!
Things that are here:
a +0 shortbow; a centaur corpse You feel like a meek peon again.
Found a sling.
You now have 377 gold pieces (gained 17).
You see here a hornet corpse.
There is a large open door, spattered with blood here.
Found a flail.
You pick up a book of Air and begin reading...
You add the spells Shock, Swiftness and Airstrike to your library.
You enter the shallow water.
Moving in this stuff is going to be slow.
Key pressed, stopping explore.
No target in view!
No target in view!
No target in view!
No target in view!
No target in view!
No target in view!
No target in view!
A white imp comes into view.
The white imp shouts, "Run away, thou impertinent moldwarp simpleton!"
A white imp is nearby!
A white imp is nearby!
The white imp gestures at you. The puff of frost hits you.
You feel a terrible chill!
You hit the white imp.
Lightning courses through the white imp!
You kill the white imp!
Okawaru accepts your kill.
No target in view!
No target in view!
No target in view!
No target in view!
No target in view!
No target in view!
No target in view!
No target in view!
No target in view!
You open the large door.
A white imp and a kobold brigand come into view.
The kobold brigand is wielding a +0 short sword and quivering curare-tipped darts.
The white imp shouts, "Bolt, thou foppish moldwarp flax-wench!"
The kobold brigand throws a curare-tipped dart.
The curare-tipped dart barely misses you.
There are monsters nearby!
There are monsters nearby!
The white imp gestures at you. The puff of frost hits you!
You feel a terrible chill!
The kobold brigand throws a curare-tipped dart.
The curare-tipped dart hits you.
There is a large open door here.
You hit the kobold brigand.
Your headbutt misses the kobold brigand.
The kobold brigand is lightly wounded.
The white imp gestures at you.
The puff of frost hits you but does no damage.
You block the kobold brigand's attack.
You hit the kobold brigand but do no damage.
Your headbutt misses the kobold brigand.
The kobold brigand is lightly wounded.
You block the white imp's attack.
The kobold brigand hits you with a +0 short sword.
You miss the kobold brigand.
The kobold brigand is lightly wounded.
The white imp hits you but does no damage.
You block the kobold brigand's attack.
You closely miss the kobold brigand.
Your headbutt misses the kobold brigand.
The kobold brigand is lightly wounded.
You closely miss the kobold brigand.
The kobold brigand is lightly wounded.
You block the white imp's attack. You block the kobold brigand's attack.
You hit the kobold brigand.
The kobold brigand is moderately wounded.
The white imp gestures at you. The puff of frost hits you.
You block the kobold brigand's attack.
You hit the kobold brigand.
The kobold brigand is moderately wounded.
You block the white imp's attack. You block the kobold brigand's attack.
You hit the kobold brigand but do no damage.
Lightning courses through the kobold brigand!
Your headbutt misses the kobold brigand.
The kobold brigand is severely wounded.
You hit the kobold brigand.
Your headbutt misses the kobold brigand.
The kobold brigand is severely wounded.
The white imp disappears for a moment.
You block the white imp's attack.
The kobold brigand hits you with a +0 short sword.
You hit the kobold brigand. You headbutt the kobold brigand.
The kobold brigand is severely wounded.
You block the white imp's attack. You block the kobold brigand's attack.
You hit the kobold brigand but do no damage.
The kobold brigand is severely wounded.
You closely miss the kobold brigand.
The kobold brigand is severely wounded.
The white imp hits you but does no damage.
You block the kobold brigand's attack.
You hit the kobold brigand.
The kobold brigand is almost dead.
You block the white imp's attack.
The kobold brigand hits you but does no damage.
You barely miss the kobold brigand.
The kobold brigand is almost dead.
The white imp gestures at you. The puff of frost misses you.
The kobold brigand hits you with a +0 short sword.
You hit the kobold brigand but do no damage.
The kobold brigand is severely wounded.
You hit the kobold brigand.
Your headbutt misses the kobold brigand.
The kobold brigand is almost dead.
The white imp hits you but does no damage.
The kobold brigand hits you with a +0 short sword.
You are too injured to fight recklessly!
You are too injured to fight recklessly!
You are too injured to fight recklessly!
You are too injured to fight recklessly!
You are too injured to fight recklessly!
You are too injured to fight recklessly!
You are too injured to fight recklessly!
You are too injured to fight recklessly!
You are too injured to fight recklessly!
You are too injured to fight recklessly!
You are too injured to fight recklessly!
You are too injured to fight recklessly!
You are too injured to fight recklessly!
You are too injured to fight recklessly!
You are too injured to fight recklessly!
You are too injured to fight recklessly!
You are too injured to fight recklessly!
You are too injured to fight recklessly!
You are too injured to fight recklessly!
You are too injured to fight recklessly!
You are too injured to fight recklessly!
You are too injured to fight recklessly!
You are too injured to fight recklessly!
You are too injured to fight recklessly!
You are too injured to fight recklessly!
You are too injured to fight recklessly!
You are too injured to fight recklessly!
You are too injured to fight recklessly!
You are too injured to fight recklessly!
You are too injured to fight recklessly!
You are too injured to fight recklessly!
You hit the kobold brigand. You headbutt the kobold brigand.
You kill the kobold brigand!
Okawaru accepts your kill. The white imp misses you.
You barely miss the white imp. Your headbutt misses the white imp.
The white imp gestures at you. The puff of frost hits you!
You feel a terrible chill!
* * * LOW HITPOINT WARNING * * *
You hit the white imp.
The white imp is moderately wounded.
You hit the white imp but do no damage. You headbutt the white imp.
The white imp is severely wounded.
The white imp gestures at you. The puff of frost misses you.
You closely miss the white imp.
The white imp is severely wounded.
The white imp gestures at you. The puff of frost hits you.
You feel a terrible chill!
* * * LOW HITPOINT WARNING * * *
You barely miss the white imp.
The white imp is severely wounded.
You block the white imp's attack.
You hit the white imp.
You kill the white imp!
Okawaru accepts your kill.
Okay, then.
You remove your ring of fire.
Things that are here:
a +0 short sword; a curare-tipped dart
There is a large open door here.
G - a +6 ring of intelligence
There is a large open door here.
There is a large open door, spattered with blood here.
Key pressed, stopping explore.
You enter the shallow water.
Moving in this stuff is going to be slow.
There is a large open door here.
Partly explored, can't reach some places.
No target in view!
No target in view!
No target in view!
No target in view!
No target in view!
Partly explored, can't reach some places.
Partly explored, can't reach some places.
Partly explored, can't reach some places.
(D) Dungeon (T) Temple
Where to? (Enter - D:7, ? - help)
There is a large open door here.
There is a stone staircase leading down here.
You climb downwards.
The orc shouts! x3
Found 9 stones, a scroll labelled PAIHUA GOJOLYFO and 9 gold pieces.
There is a stone staircase leading up here.
There are monsters nearby!
There are monsters nearby!
There are monsters nearby!
A wight comes into view. It is wielding a +0 spear.
You puncture the orc!
You kill the orc!
Okawaru accepts your kill.
You barely miss the orc. You block the orc's attack.
Gastronok's eyestalks quiver as he mumbles some strange words.
You hit the orc but do no damage. You headbutt the orc, but do no damage.
The orc closely misses you.
A wight comes into view. It is wielding a +3 battleaxe.
You closely miss the orc. You hit the orc. Lightning courses through the orc!!
You kill the orc!
Okawaru accepts your kill. The bat hits you but does no damage.
You block the orc's attack.
Gastronok waves his eye-stalks in wide circles.
The air twists around and strikes you!
You closely miss the orc. The orc hits you but does no damage.
You block the orc's attack. The orc closely misses you.
The bat hits you but does no damage. The bat barely misses you.
You block the bat's attack.
The orc closely misses you. x2; The orc barely misses you.
You climb upwards.
There is a stone staircase leading down here.
You hit the orc.
The orc is moderately wounded.
The orc barely misses you. The orc hits you but does no damage.
You block the orc's attack.
You barely miss the orc.
The orc is moderately wounded.
You hit the orc. Lightning courses through the orc!
You kill the orc!
Okawaru accepts your kill. The orc closely misses you.
The orc hits you with a +0 club.
You hit the orc.
The orc is almost dead.
The orc hits you with a +0 club. You block the orc's attack.
You hit the orc. Lightning courses through the orc!
You kill the orc!
Okawaru accepts your kill. You block the orc's attack.
You hit the orc. You headbutt the orc.
You kill the orc!
Okawaru accepts your kill.
No target in view!
No target in view!
No target in view!
No target in view!
No target in view!
No target in view!
No target in view!
No target in view!
No target in view!
No target in view!
No target in view!
No target in view!
No target in view!
No target in view!
There is a stone staircase leading down here.
You climb downwards.
Level annotation: Gastronok
Found a ring mail.
There is a stone staircase leading up here.
A centaur comes into view.
A centaur is nearby!
A gnoll comes into view. It is wielding a +0 halberd.
The centaur shouts!
The gnoll shouts!
You hear a shout!
You hear a loud, deep croak!
A gnoll comes into view. It is wielding a +0 club.
A gnoll sergeant comes into view. It is wielding a +0 trident.
A gnoll comes into view. It is wielding a +0 club.
The gnoll shouts! x2
The centaur wields a +0 shortbow.
The centaur shoots an arrow.
The arrow hits you but does no damage.
Found 10 gold pieces.
The centaur shoots an arrow.
The arrow closely misses you.
The centaur shoots an arrow.
The arrow hits you but does no damage.
A gnoll comes into view. It is wielding a +0 whip.
A bullfrog comes into view.
The centaur shoots an arrow.
You block the arrow.
The centaur shoots an arrow.
You block the arrow.
A wight comes into view.
It is wielding a +1 scimitar of freezing.
You hear a shout!
The centaur shoots an arrow.
The arrow hits you.
There is a stone staircase leading up here.
The centaur shoots an arrow.
You block the arrow. The bullfrog hits you.
You climb upwards.
There is a stone staircase leading down here.
There is a stone staircase leading down here.
You climb downwards.
Level annotation: Gastronok The orc priest shouts!
The orc shouts!
The orc wizard shouts!
The orc shouts!
Found a scroll labelled MIPHET NOAFAOR.
Found two stone staircases leading down.
There is a stone staircase leading up here.
You barely miss the orc priest. The orc hits you but does no damage.
You hit the orc priest but do no damage.
You headbutt the orc priest.
The orc priest is lightly wounded.
The orc priest barely misses you. You block the orc's attack.
The orc wizard gestures at you while chanting.
The magic dart hits you but does no damage.
You hit the orc priest.
The orc priest is heavily wounded.
The orc closely misses you.
The orc priest mumbles some strange prayers to Beogh against you.
Pain shoots through your body! The orc hits you but does no damage.
You hit the orc priest but do no damage.
You headbutt the orc priest, but do no damage.
The orc priest is heavily wounded.
You hit the orc priest but do no damage.
The orc priest is heavily wounded.
The orc misses you. The orc hits you with a +0 club.
You block the orc priest's attack.
You hit the orc priest.
The orc priest is severely wounded.
You block the orc's attack. You block the orc wizard's attack.
The orc hits you but does no damage.
The orc priest hits you with a +0 dagger.
You hit the orc priest but do no damage.
The orc priest is severely wounded.
The orc barely misses you.
The orc priest hits you with a +0 dagger.
You block the orc's attack.
The orc wizard hits you but does no damage.
You are poisoned.
You closely miss the orc priest. Your headbutt misses the orc priest.
The orc priest is severely wounded.
You feel sick. The orc closely misses you. The orc wizard casts a spell at you.
You are confused.
The orc priest closely misses you. The orc hits you with a +0 club.
You are too injured to fight recklessly!
You are too injured to fight recklessly!
You are too injured to fight recklessly!
You are too injured to fight recklessly!
You are too injured to fight recklessly!
You are too injured to fight recklessly!
You are too injured to fight recklessly!
You are too injured to fight recklessly!
You are too injured to fight recklessly!
You are too injured to fight recklessly!
You are too injured to fight recklessly!
You are too injured to fight recklessly!
You are too injured to fight recklessly!
You are too injured to fight recklessly!
You are too injured to fight recklessly!
You are too injured to fight recklessly!
You are too injured to fight recklessly!
You are too injured to fight recklessly!
You hit the orc priest.
The orc priest is almost dead.
You feel sick.
You hit the orc but do no damage. You headbutt the orc!
You kill the orc!
Okawaru accepts your kill.
You feel sick.
The orc wizard hits you but does no damage.
The orc closely misses you. The orc priest barely misses you.
You hit the orc.
The orc is moderately wounded.
The orc barely misses you.
The orc priest hits you but does no damage.
The orc wizard hits you but does no damage.
You are more poisoned.
You miss the orc priest. You headbutt the orc priest.
You kill the orc priest!
Okawaru accepts your kill.
You feel very sick. The orc wizard closely misses you.
The orc barely misses you.
Your Invocations skill increases to level 4!
The orc attacks as you move away! The orc closely misses you.
You feel sick.
The orc wizard points at you and mumbles some strange words.
The puff of flame misses you.
Things that are here:
a +0 dagger; a +0 ring mail; an orc corpse You feel less confused.
You feel very sick. You block the orc wizard's attack.
The orc hits you but does no damage. The orc attacks as you move away!
You block the orc's attack.
You feel sick.
The orc wizard hits you with a +1 dagger of venom.
You hit the orc wizard. Your headbutt misses the orc wizard.
The orc wizard is lightly wounded.
You feel sick.
You hit the orc wizard but do no damage.
The orc wizard is lightly wounded.
The orc wizard hits you with a +1 dagger of venom.
* * * LOW HITPOINT WARNING * * *
The orc barely misses you.
You hit the orc wizard but do no damage.
You headbutt the orc wizard.
The orc wizard is moderately wounded.
You feel sick. The orc hits you but does no damage.
The orc wizard points at you and mumbles some strange words.
The puff of flame hits you.
* * * LOW HITPOINT WARNING * * *
You hit the orc wizard but do no damage.
Lightning courses through the orc wizard!
You kill the orc wizard!
Okawaru accepts your kill.
You feel sick. The orc closely misses you.
You feel sick. You block the orc's attack.
Things that are here:
a +1 dagger of venom; a +0 robe; an orc corpse You puncture the orc!
You kill the orc!
Okawaru accepts your kill.
You feel sick.
Found a leather armour.
You feel sick.
You are no longer poisoned.
You see here a +0 club.
You see here a +0 club.
Things that are here:
a +1 dagger of venom; a +0 robe; an orc corpse
There is a stone staircase leading up here.
You start resting.
A centaur is nearby!
A centaur is nearby!
The centaur shouts!
The centaur shoots an arrow.
The arrow hits you.
You climb upwards.
There is a stone staircase leading down here.
No target in view!
Unknown command.
You start resting.
HP restored.
You climb downwards.
Level annotation: Gastronok The centaur shoots an arrow.
You block the arrow.
The centaur shoots an arrow.
The arrow barely misses you.
There is a stone staircase leading up here.
The centaur shoots an arrow.
You block the arrow.
The centaur shoots an arrow.
The arrow hits you.
The centaur shoots an arrow.
The arrow hits you.
The centaur shoots an arrow.
You block the arrow.
There is a stone staircase leading down here.
The centaur shoots an arrow.
The arrow hits you.
The centaur unwields a +0 shortbow.
The centaur hits you but does no damage.
The centaur barely misses you.
You hit the centaur but do no damage. You headbutt the centaur.
The centaur is lightly wounded.
The centaur closely misses you. You block the centaur's attack.
You hit the centaur. Lightning courses through the centaur!
The centaur is severely wounded.
The centaur hits you. The centaur closely misses you.
You barely miss the centaur. You headbutt the centaur!
You kill the centaur!
Okawaru accepts your kill.
Your Long Blades skill increases to level 10!
No target in view!
No target in view!
No target in view!
No target in view!
No target in view!
No target in view!
No target in view!
No target in view!
No target in view!
No target in view!
Magic restored.
HP restored.
The bullfrog croaks.
A bullfrog is nearby!
A bullfrog is nearby!
A bullfrog is nearby!
A wight comes into view. It is wielding a +3 halberd.
You hit the bullfrog.
The bullfrog is lightly wounded.
The bullfrog closely misses you.
You barely miss the bullfrog. Your headbutt misses the bullfrog.
The bullfrog is lightly wounded.
You block the bullfrog's attack.
You barely miss the bullfrog.
The bullfrog is lightly wounded.
You block the bullfrog's attack.
You hit the bullfrog.
The bullfrog is moderately wounded.
The bullfrog hits you but does no damage.
You barely miss the bullfrog.
The bullfrog is moderately wounded.
You block the bullfrog's attack.
You barely miss the bullfrog.
The bullfrog is moderately wounded.
You block the bullfrog's attack. The bullfrog hits you.
You barely miss the bullfrog. Your headbutt misses the bullfrog.
The bullfrog is moderately wounded.
You block the wight's attack. You block the bullfrog's attack.
You hit the bullfrog but do no damage.
The bullfrog is moderately wounded.
The wight hits you from afar with a +3 halberd.
You block the bullfrog's attack. The wight attacks as you move away!
You block the wight's attack. The bullfrog attacks as you move away!
The bullfrog misses you. The bullfrog barely misses you.
The bullfrog attacks as you move away! The bullfrog hits you.
Things that are here:
a +0 robe; a +1 dagger of venom; an orc corpse The bullfrog barely misses you.
There is a stone staircase leading up here.
You block the bullfrog's attack. You block the wight's attack.
The wight hits you but does no damage.
You climb upwards.
There is a stone staircase leading down here.
You hit the bullfrog.
The bullfrog is heavily wounded.
The bullfrog hits you.
The wight hits you with a +1 scimitar of freezing!
The wight freezes you.
You barely miss the bullfrog.
The bullfrog is heavily wounded.
You block the bullfrog's attack.
You closely miss the bullfrog.
The bullfrog is heavily wounded.
The bullfrog hits you.
The wight hits you with a +1 scimitar of freezing!
The wight freezes you.
You are too injured to fight recklessly!
You are too injured to fight recklessly!
You are too injured to fight recklessly!
You are too injured to fight recklessly!
You are too injured to fight recklessly!
You are too injured to fight recklessly!
You are too injured to fight recklessly!
You are too injured to fight recklessly!
You are too injured to fight recklessly!
You are too injured to fight recklessly!
You are too injured to fight recklessly!
You are too injured to fight recklessly!
You are too injured to fight recklessly!
You are too injured to fight recklessly!
You are too injured to fight recklessly!
You are too injured to fight recklessly!
You are too injured to fight recklessly!
You are too injured to fight recklessly!
You are too injured to fight recklessly!
You hit the bullfrog. Lightning courses through the bullfrog!
You kill the bullfrog!
Okawaru accepts your kill. You block the wight's attack.
You hit the wight but do no damage. Your headbutt misses the wight.
You hit the wight but do no damage. Lightning courses through the wight!
You destroy the wight!
Okawaru accepts your kill.
Things that are here:
a +1 scimitar of freezing; a +0 robe
H - a +1 scimitar of freezing Your +3 dagger of electrocution stops crackling.
Your +1 scimitar of freezing glows with a cold blue light!
H - a +1 scimitar of freezing (weapon)
You start resting.
Magic restored.
You drop a +0 falchion.
You drop the +12 war axe "Jaasu" {drain, rPois SInv}.
Okay, then.
You start resting.
HP restored.
You feel clever.
G - a +6 ring of intelligence (right hand)
You see here a +0 robe.
There is a stone staircase leading down, spattered with blood here.
There is a stone staircase leading down here.
Unknown command.
You climb downwards.
Level annotation: Gastronok Gastronok casts a spell at you.
You feel yourself slow down.
There is a stone staircase leading up, spattered with blood here.
Okay, then.
You gain the combat prowess of a mighty hero.
Gastronok gurgles, "A snack!
A snack!"
Gastronok bites you!
You slash Gastronok! You freeze Gastronok.
Gastronok is lightly wounded.
You hit Gastronok. You freeze Gastronok. You headbutt Gastronok.
Gastronok is lightly wounded.
Gastronok bites you!
You slash Gastronok! You freeze Gastronok!
Gastronok is moderately wounded.
You slash Gastronok! You freeze Gastronok!
Gastronok is heavily wounded.
Gastronok casts a spell.
You hit Gastronok. You freeze Gastronok.
Gastronok is heavily wounded.
You slice Gastronok!! You freeze Gastronok!
You headbutt Gastronok, but do no damage.
Gastronok is severely wounded.
The quokka bites you but does no damage.
Gastronok bites you.
You hit Gastronok but do no damage.
Gastronok is severely wounded.
You block the quokka's attack.
You barely miss Gastronok.
Gastronok is severely wounded.
You block the quokka's attack. You block Gastronok's attack.
The quokka barely misses you.
You slash Gastronok! You freeze Gastronok.
Gastronok is severely wounded.
The quokka bites you but does no damage.
You completely miss Gastronok. You headbutt Gastronok.
Gastronok is severely wounded.
The quokka closely misses you.
Gastronok mumbles some strange words.
The gnoll shouts!
You slice Gastronok!! You freeze Gastronok.
Gastronok is almost dead.
You hear a shout!
You block the bat's attack. You block the quokka's attack.
The bat hits you but does no damage. You block the bat's attack.
The quokka closely misses you.
You slash Gastronok! You freeze Gastronok.
You kill Gastronok!
Okawaru is honoured by your kill.
Okawaru will now gift you throwing weapons as you gain piety.
The quokka disappears in a puff of smoke!
The bat disappears in a puff of smoke!
The river rat disappears in a puff of smoke!
The bat disappears in a puff of smoke!
Your Invocations skill gained 2 levels and is now at level 6!
You have reached level 10!
Your demonic ancestry asserts itself...
You feel your life force and your magical essence meld.
Things that are here:
a +1 hat; a sedimented puce potion; the elephant slug corpse of Gastronok You are too injured to fight recklessly!
You are too injured to fight recklessly!
You are too injured to fight recklessly!
You are too injured to fight recklessly!
You are too injured to fight recklessly!
You are too injured to fight recklessly!
You are too injured to fight recklessly!
You are too injured to fight recklessly!
You are too injured to fight recklessly!
You are too injured to fight recklessly!
You block the gnoll's attack. x2
You slash the gnoll! You freeze the gnoll.
You kill the gnoll!
Okawaru accepts your kill.
You see here a +0 club.
You are too injured to fight recklessly!
The gnoll sergeant shouts!
The gnoll hits you with a +0 club. The gnoll hits you but does no damage.
The gnoll shouts!
You slash the gnoll! You freeze the gnoll.
You kill the gnoll!
Okawaru accepts your kill.
A gnoll comes into view. It is wielding a +0 halberd.
Things that are here:
a +0 club; a gnoll corpse The gnoll sergeant hits you from afar with a +0 trident!
You feel like a meek peon again.
You see here a +0 club.
You block the gnoll sergeant's attack.
Things that are here:
a +1 hat; a sedimented puce potion; the elephant slug corpse of Gastronok The gnoll closely misses you.
You block the gnoll sergeant's attack. x2
You block the gnoll's attack. The gnoll hits you with a +0 whip.
You closely miss the gnoll sergeant.
The gnoll shouts!
You headbutt the gnoll sergeant, but do no damage.
The gnoll hits you from afar with a +0 halberd.
The gnoll sergeant barely misses you. The gnoll hits you but does no damage.
You slash the gnoll sergeant! You freeze the gnoll sergeant.
You headbutt the gnoll sergeant, but do no damage.
The gnoll sergeant is heavily wounded.
The gnoll hits you with a +0 whip.
* * * LOW HITPOINT WARNING * * *
The gnoll hits you from afar with a +0 halberd!
* * * LOW HITPOINT WARNING * * *
You block the gnoll sergeant's attack. x2; You block the gnoll's attack.
The gnoll barely misses you. You block the gnoll sergeant's attack.
Things that are here:
a +1 hat; a sedimented puce potion; the elephant slug corpse of Gastronok The gnoll attacks as you move away!
You block the gnoll's attack. x2
There is a stone staircase leading up, spattered with blood here.
You slash the gnoll! You freeze the gnoll. You headbutt the gnoll.
You kill the gnoll!
Okawaru accepts your kill. You block the gnoll sergeant's attack.
Magic restored.
You block the gnoll's attack. The gnoll sergeant closely misses you.
The gnoll sergeant hits you from afar with a +0 trident.
The gnoll completely misses you.
You climb upwards.
There is a stone staircase leading down here.
You feel yourself speed up.
Key pressed, stopping explore.
HP restored.
Partly explored, can't reach some places.
You climb downwards.
You block the gnoll's attack. You block the gnoll sergeant's attack.
There is a stone staircase leading up, spattered with blood here.
You slash the gnoll sergeant! You freeze the gnoll sergeant.
The gnoll sergeant is heavily wounded.
The gnoll hits you from afar with a +0 halberd.
You block the gnoll sergeant's attack.
You hit the gnoll sergeant. You freeze the gnoll sergeant.
The gnoll sergeant is severely wounded.
The gnoll hits you from afar with a +0 halberd!
The gnoll sergeant hits you with a +0 trident.
You block the gnoll's attack.
You barely miss the gnoll sergeant.
The gnoll sergeant is severely wounded.
The gnoll closely misses you.
The gnoll sergeant hits you with a +0 trident.
The gnoll hits you from afar with a +0 halberd!
You are too injured to fight recklessly!
You are too injured to fight recklessly!
You are too injured to fight recklessly!
You are too injured to fight recklessly!
You are too injured to fight recklessly!
You are too injured to fight recklessly!
You are too injured to fight recklessly!
You are too injured to fight recklessly!
You are too injured to fight recklessly!
You are too injured to fight recklessly!
You are too injured to fight recklessly!
You are too injured to fight recklessly!
You are too injured to fight recklessly!
You are too injured to fight recklessly!
The gnoll closely misses you. You block the gnoll sergeant's attack.
You block the gnoll's attack.
You climb upwards.
There is a stone staircase leading down here.
You slash the gnoll sergeant! You freeze the gnoll sergeant.
You kill the gnoll sergeant!
Okawaru accepts your kill.
Things that are here:
a +0 trident; a +0 ring mail; a gnoll corpse You start resting.
Magic restored.
Things that are here:
the +12 war axe "Jaasu" {drain, rPois SInv}; a +0 falchion You see here a +0 robe.
There is a stone staircase leading down, spattered with blood here.
You climb downwards.
You block the wight's attack.
There is a stone staircase leading up here.
A wight is nearby!
A wight is nearby!
The wight hits you with a +3 halberd.
You hit the wight but do no damage.
You headbutt the wight, but do no damage.
You block the wight's attack.
You barely miss the wight. The wight hits you with a +3 halberd!
You feel drained.
You are too injured to fight recklessly!
You are too injured to fight recklessly!
You are too injured to fight recklessly!
You are too injured to fight recklessly!
You are too injured to fight recklessly!
You are too injured to fight recklessly!
You are too injured to fight recklessly!
You are too injured to fight recklessly!
You are too injured to fight recklessly!
You are too injured to fight recklessly!
You are too injured to fight recklessly!
You are too injured to fight recklessly!
You are too injured to fight recklessly!
You are too injured to fight recklessly!
You block the wight's attack.
There is a stone staircase leading up here.
The wight hits you but does no damage.
You climb upwards.
There is a stone staircase leading down, spattered with blood here.
You start resting.
HP restored.
You climb downwards.
The wight hits you but does no damage.
There is a stone staircase leading up here.
The wight hits you with a +3 halberd!
You feel drained.
You slash the wight!
The wight is severely damaged.
You closely miss the wight.
The wight is severely damaged.
You block the wight's attack.
You barely miss the wight.
The wight is severely damaged.
You block the wight's attack. The wight misses you.
The wight hits you from afar with a +3 halberd!
There is a stone staircase leading up, spattered with blood here.
The wight barely misses you. You block the wight's attack.
You climb upwards.
There is a stone staircase leading down, spattered with blood here.
You closely miss the wight. You headbutt the wight.
The wight is lightly damaged.
The wight hits you with a +3 battleaxe!
You feel drained.
You are too injured to fight recklessly!
You are too injured to fight recklessly!
You are too injured to fight recklessly!
You are too injured to fight recklessly!
You are too injured to fight recklessly!
You are too injured to fight recklessly!
You are too injured to fight recklessly!
You are too injured to fight recklessly!
You are too injured to fight recklessly!
You are too injured to fight recklessly!
You are too injured to fight recklessly!
You are too injured to fight recklessly!
You are too injured to fight recklessly!
You are too injured to fight recklessly!
You hit the wight but do no damage. Your headbutt misses the wight.
The wight is lightly damaged.
The wight barely misses you.
You hit the wight.
You headbutt the wight, but do no damage.
The wight is moderately damaged.
You block the wight's attack.
You hit the wight. You headbutt the wight.
The wight is severely damaged.
The wight closely misses you.
You hit the wight.
The wight is severely damaged.
You block the wight's attack.
You hit the wight. You headbutt the wight.
The wight is almost destroyed.
The wight hits you with a +3 battleaxe.
You hit the wight.
You destroy the wight!
Okawaru accepts your kill.
Things that are here:
a +3 battleaxe; a +0 robe You start resting.
Magic restored.
There is a stone staircase leading down, spattered with blood here.
You start resting.
HP restored.
You climb downwards.
The wight closely misses you.
There is a stone staircase leading up, spattered with blood here.
The wight closely misses you.
You hit the wight but do no damage. Your headbutt misses the wight.
The wight hits you with a +3 halberd.
You feel drained.
You barely miss the wight. The wight barely misses you.
You hit the wight.
The wight is lightly damaged.
The wight hits you but does no damage.
You hit the wight but do no damage. Your headbutt misses the wight.
The wight is lightly damaged.
The wight hits you with a +3 halberd!
You barely miss the wight. You headbutt the wight.
The wight is lightly damaged.
You barely miss the wight.
The wight is lightly damaged.
The wight completely misses you.
You barely miss the wight.
The wight is lightly damaged.
You block the wight's attack.
You hit the wight. Your headbutt misses the wight.
The wight is lightly damaged.
The wight hits you with a +3 halberd!
You barely miss the wight.
The wight is lightly damaged.
The wight hits you with a +3 halberd!
You barely miss the wight.
You headbutt the wight, but do no damage.
The wight is lightly damaged.
The wight hits you with a +3 halberd!
You are too injured to fight recklessly!
You are too injured to fight recklessly!
You are too injured to fight recklessly!
You are too injured to fight recklessly!
You are too injured to fight recklessly!
You are too injured to fight recklessly!
You are too injured to fight recklessly!
You are too injured to fight recklessly!
You are too injured to fight recklessly!
You are too injured to fight recklessly!
You are too injured to fight recklessly!
You are too injured to fight recklessly!
You are too injured to fight recklessly!
You are too injured to fight recklessly!
You are too injured to fight recklessly!
You are too injured to fight recklessly!
You are too injured to fight recklessly!
You slash the wight! You freeze the wight.
You headbutt the wight, but do no damage.
The wight is almost destroyed.
The wight hits you with a +3 halberd!
* * * LOW HITPOINT WARNING * * *
You feel drained.
You barely miss the wight. You headbutt the wight.
You destroy the wight!
Okawaru accepts your kill.
Things that are here:
a +3 halberd; a +0 robe You start resting.
Magic restored.
You start resting.
A centaur is nearby!
The centaur shouts!
The centaur zaps a wand.
The bolt of acid misses you.
The centaur wields a +0 shortbow.
The centaur shoots an arrow.
You block the arrow.
The centaur zaps a wand.
The bolt of acid hits you. The acid corrodes you!
You are too injured to fight recklessly!
You are too injured to fight recklessly!
You are too injured to fight recklessly!
You are too injured to fight recklessly!
You are too injured to fight recklessly!
You are too injured to fight recklessly!
You are too injured to fight recklessly!
You are too injured to fight recklessly!
You are too injured to fight recklessly!
You are too injured to fight recklessly!
Found a wand of flame (20).
The centaur zaps a wand.
The bolt of acid hits you!
* * * LOW HITPOINT WARNING * * *
The acid corrodes you!
The centaur unwields a +0 shortbow.
The centaur hits you.
* * * LOW HITPOINT WARNING * * *
The centaur closely misses you.
You slash the centaur! You freeze the centaur.
The centaur is heavily wounded.
The centaur zaps a wand.
The bolt of acid misses you.
You hit the centaur but do no damage.
The centaur is heavily wounded.
The centaur zaps a wand.
The bolt of acid hits you!
* * * LOW HITPOINT WARNING * * *
You barely miss the centaur.
You headbutt the centaur, but do no damage.
The centaur is heavily wounded.
The centaur hits you!
* * * LOW HITPOINT WARNING * * *
The centaur kicks you.
* * * LOW HITPOINT WARNING * * *
The centaur hits you.
* * * LOW HITPOINT WARNING * * *
The centaur kicks you.
* * * LOW HITPOINT WARNING * * *
You closely miss the centaur.
The centaur is heavily wounded.
The centaur barely misses you. The centaur closely misses you.
You hit the centaur but do no damage.
The centaur is heavily wounded.
The centaur hits you.
* * * LOW HITPOINT WARNING * * *
You block the centaur's attack.
You hit the centaur but do no damage. Your headbutt misses the centaur.
The centaur is heavily wounded.
The centaur completely misses you. You block the centaur's attack.
The centaur hits you.
* * * LOW MAGIC WARNING * * *;
* * * LOW HITPOINT WARNING * * *
The centaur kicks you.
* * * LOW MAGIC WARNING * * *
You die...

.... #.#.
............. ....
##.#. #........../.
...?
.....##.........?.
....
................# .
....
......[.........#
.. #...
..............##...
....
#..(.............
...z
#.....@c........ .
.. ##.............#
#.. #.>...>....###
##w #.)........#
... ##..)).....#
.... #..<[.....##
^... #..[.........
#....?...###..
#.......## #


You could see a centaur.

Vanquished Creatures
  Gastronok (D:8)
  Maggie (D:7)
  A hornet (D:7)
  4 yaks
  Sigmund (D:2)
  Duvessa (D:6)
  An ice beast (D:6)
  2 centaurs
  2 phantoms (D:6)
  2 kobold brigands
  2 bullfrogs (D:7)
  A gnoll sergeant (D:7)
  2 necrophages
  4 scorpions
  3 wights
  Dowan (D:6)
  5 hounds
  3 jellies
  6 orc priests
  Jessica (D:2)
  Terence (D:2)
  3 iguanas
  2 orc wizards
  7 gnolls
  4 adders
  2 white imps (D:7)
  2 worms
  A dart slug (D:1)
  28 orcs
  4 ball pythons
  5 bats
  9 endoplasms
  3 giant cockroaches
  6 goblins
  8 hobgoblins
  9 jackals
  6 quokkas
  2 frilled lizards
  8 kobolds
  6 rats
160 creatures vanquished.

Notes
Turn   | Place    | Note
-------+----------+-------------------------------------------
     0 | D:1      | sleeves the Demonspawn Monk began the quest for the Orb.
     0 | D:1      | Reached XP level 1. HP: 18/18 MP: 1/1
    73 | D:1      | Reached skill level 3 in Long Blades
   197 | D:1      | Gained mutation: You regenerate magic rapidly. [demonic
                  | ancestry]
   197 | D:1      | Reached XP level 2. HP: 23/24 MP: 2/2
   389 | D:1      | HP: 12/24 [frozen (5)]
   608 | D:1      | Reached XP level 3. HP: 24/29 MP: 3/3
   835 | D:1      | Reached skill level 4 in Long Blades
   970 | D:2      | Noticed Jessica
   991 | D:2      | Noticed Sigmund
  1000 | D:2      | Killed Sigmund
  1001 | D:2      | Reached skill level 5 in Long Blades
  1001 | D:2      | Gained mutation: When hurt, damage is shared between your
                  | health and your magic reserves. [demonic ancestry]
  1001 | D:2      | Reached XP level 4. HP: 23/35 MP: 4/4
  1001 | D:2      | Gained mutation: You are partially covered in large bone
                  | plates. (SH +4) [demonic ancestry]
  1001 | D:2      | Reached XP level 5. HP: 27/41 MP: 5/5
  1074 | D:2      | Killed Jessica
  1076 | D:2      | Noticed Terence
  1099 | D:2      | Killed Terence
  1100 | D:2      | Reached skill level 6 in Long Blades
  1291 | D:2      | Reached XP level 6. HP: 47/47 MP: 6/6
  1417 | D:2      | Found a faded altar of an unknown god.
  1547 | D:2      | Found a runed translucent door.
  1548 | D:2      | Noticed Crazy Yiuf
  2027 | D:3      | Identified the +12 war axe "Jaasu" {drain, rPois SInv}
  2405 | D:3      | Found a transporter.
  2526 | D:3      | Found a transporter.
  2743 | D:3      | Found a bloodstained altar of Trog.
  2743 | D:3      | Found a snail-covered altar of Cheibriados.
  3063 | D:4      | Found a shadowy altar of Dithmenos.
  3282 | D:4      | Reached skill level 1 in Shields
  3284 | D:4      | Found an opulent altar of Gozag.
  3328 | D:4      | Found a hide-covered altar of Uskayaw.
  3457 | D:4      | Found a sparkling altar of Nemelex Xobeh.
  3742 | D:5      | Entered Level 5 of the Dungeon
  3813 | D:5      | Noticed a yak
  3814 | D:5      | Noticed a yak
  3818 | D:5      | Killed a yak
  3818 | D:5      | Noticed a yak
  3818 | D:5      | Noticed a yak
  3819 | D:5      | Reached skill level 7 in Long Blades
  3819 | D:5      | Reached skill level 2 in Shields
  3819 | D:5      | Gained mutation: You have a pair of small horns on your
                  | head. [demonic ancestry]
  3819 | D:5      | Reached XP level 7. HP: 41/52 MP: 7/7
  3829 | D:4      | HP: 21/52 [yak (9)]
  3832 | D:4      | Killed a yak
  3833 | D:4      | Reached skill level 3 in Shields
  4066 | D:5      | Killed a yak
  4066 | D:5      | HP: 26/52 [yak (3)]
  4067 | D:5      | Reached XP level 8. HP: 25/58 MP: 5/8
  4069 | D:5      | Reached skill level 8 in Long Blades
  4069 | D:5      | Reached skill level 4 in Shields
  4223 | D:5      | HP: 27/58 [orc/+0 trident (5)]
  4385 | D:5      | HP: 27/58 [orc priest/divine providence (12)]
  4390 | D:5      | HP: 21/58 [orc/+1 trident of flaming (6)]
  4396 | D:5      | HP: 17/58 [orc/+1 trident of flaming (1)]
  4583 | D:5      | Reached skill level 5 in Shields
  4761 | D:5      | Got the Atlas of Combative Curses
  4921 | D:6      | Reached skill level 9 in Long Blades
  5104 | D:6      | Noticed Duvessa
  5105 | D:6      | Noticed Dowan
  5111 | D:6      | Killed Dowan
  5112 | D:6      | Reached skill level 6 in Shields
  5114 | D:6      | HP: 26/58 [Duvessa/+0 short sword (5)]
  5115 | D:6      | Gained mutation: You have a pair of horns on your head.
                  | [demonic ancestry]
  5115 | D:6      | Reached XP level 9. HP: 20/63 MP: 5/9
  5118 | D:6      | Killed Duvessa
  5407 | D:6      | Found a staircase to the Ecumenical Temple.
  5562 | Temple   | Entered the Ecumenical Temple
  5606 | Temple   | Became a worshipper of Warmaster Okawaru
  5606 | Temple   | Reached * piety under Okawaru
  5606 | Temple   | Reached ** piety under Okawaru
  5683 | D:7      | Reached skill level 1 in Invocations
  5835 | D:7      | Noticed Maggie
  5844 | D:7      | HP: 27/63 [Maggie/bolt of fire (7)]
  5849 | D:7      | HP: 18/63 [Maggie/+1 war axe of pain (10)]
  5854 | D:7      | HP: 11/63 [Maggie/bolt of fire (7)]
  5860 | D:7      | HP: 3/63 [Maggie/+1 war axe of pain (3)]
  5862 | D:7      | Killed Maggie
  5863 | D:7      | Reached skill level 2 in Invocations
  5865 | D:7      | HP: 2/63 [hound (2)]
  6179 | D:7      | Reached skill level 3 in Invocations
  6185 | D:7      | Reached skill level 7 in Shields
  6448 | D:7      | HP: 31/63 [white imp/puff of frost (10)]
  6731 | D:8      | Noticed Gastronok
  6824 | D:8      | Reached skill level 4 in Invocations
  6825 | D:8      | HP: 30/63 [poisoned by an orc wizard]
  6830 | D:8      | HP: 19/63 [poisoned by an orc wizard]
  7002 | D:8      | Reached skill level 10 in Long Blades
  7175 | D:8      | Killed Gastronok
  7175 | D:8      | Reached *** piety under Okawaru
  7176 | D:8      | Reached skill level 6 in Invocations
  7176 | D:8      | Gained mutation: When low on magic, you restore magic in
                  | place of health. [demonic ancestry]
  7176 | D:8      | Reached XP level 10. HP: 42/70 MP: 12/14
  7189 | D:8      | HP: 34/70 [gnoll/+0 whip[a gnoll sergeant] (2)]
  7547 | D:8      | HP: 29/63 [wight/+3 halberd (6)]
  7599 | D:8      | HP: 27/62 [centaur/bolt of acid (11)]
  7602 | D:8      | HP: 13/62 [centaur (5)]
  7604 | D:8      | HP: 4/62 [centaur (4)]
  7605 | D:8      | HP: 1/62 [centaur (3)]
  7605 | D:8      | Slain by a centaur

Illustrated notes

Levels and vault maps discovered:
D:1:      saegor_arrival_simple_e, layout_basic, serial_aquarium,
          aquarium_bridge_square [aquarium_subvault_bridge,
          aquarium_subvault_bridge, aquarium_subvault_wall,
          aquarium_subvault_balcony], aquarium_bridge_straight
          [aquarium_subvault_bridge, aquarium_subvault_balcony,
          aquarium_subvault_bridge, aquarium_subvault_wall], aquarium_window_2,
          aquarium_window_2, aquarium_window_1, aquarium_window_fake,
          aquarium_view_2f, aquarium_view_2f, aquarium_pool_double
D:2:      layout_loops_ring, shapermc_ecumenical_altar_venn, uniq_jessica,
          uniq_terence, uniq_crazy_yiuf_cottage, uniq_sigmund
D:3:      gammafunk_wand_slinger, layout_loops_corners,
          nicolae_overflow_hidden_temple, serial_glass, glass_columns_a,
          glass_columns_b, glass_columns_b, glass_columns_b, glass_columns_a
D:4:      layout_cave_pods, lemuel_doored_altar, nemelex_diamond_rough_becter,
          nicolae_overflow_squiral, serial_glass, glass_columns_c,
          glass_columns_c, item_on_display_a, item_on_display_a, minivault_4,
          hangedman_decor_slide_cut
D:5:      lemuel_ice_spiral_2, layout_rooms
D:6:      layout_cave_pools, minmay_temple_entry_antechambers, uniq_duvessa
D:7:      layout_cave_pools, chequers_jeans, kennysheep_opposing_triangles,
          uniq_maggie
D:8:      layout_rooms, nicolae_qazlal_eye_of_the_storm, uniq_gastronok
Temple:   nicolae_temple_ecumenical_triangle

Skill      XL: |  1  2  3  4  5  6  7  8  9 |
---------------+----------------------------+-----
Long Blades    | 3 5 6 7 9 10 | 10.5
Shields        | 2 3 6 7 |  7.9
Invocations    | 6 |  6.3
Fighting       | |  3.0
Dodging        | |  2.6
Stealth        | |  1.7

Action                   |  1- 3 |  4- 6 |  7- 9 | 10-12 || total
-------------------------+-------+-------+-------+-------++-------
Melee: Falchion          |   110 |    57 |       |       ||   167
       Punch             |     1 |     1 |       |       ||     2
       War axe           |       |    50 |    88 |       ||   138
       Headbutt          |       |       |    57 |    13 ||    70
       Dagger            |       |       |   140 |       ||   140
       Scimitar          |       |       |    12 |    39 ||    51
Invok: Heroism           |       |       |     3 |       ||     3
  Use: Potion            |       |       |     1 |       ||     1
 Stab: Sleeping          |     4 |       |       |       ||     4
Armor: Robe              |     1 |       |       |       ||     1
       Leather armour    |    24 |    12 |       |       ||    36
       Scale mail        |       |    21 |    83 |     5 ||   109
Dodge: Dodged            |    74 |    44 |    99 |    21 ||   238
Block: Other             |       |    12 |       |       ||    12
       Buckler           |       |     8 |   143 |    32 ||   183

Table legend: (Time is in decaauts)
 A = Elapsed time spent in this place.
 B = Non-inter-level travel time spent in this place.
 C = Inter-level travel time spent in this place.
 D = Time resting spent in this place.
 E = Time spent auto-exploring this place.
 F = Levels seen in this place.
 G = Mean time per level.
                   A        B        C        D        E       F      G
               +--------+--------+--------+--------+--------+-----+--------+
         Total |   7692 |   7240 |    452 |    678 |   5370 |   9 |  854.7 |
       Dungeon |   7630 |   7196 |    434 |    678 |   5340 |   8 |  953.8 |
        Temple |     61 |     44 |     17 |      0 |     30 |   1 |   61.0 |
               +--------+--------+--------+--------+--------+-----+--------+

Top non-repeatable levels by time:
     D:7: 1621 daAuts
     D:4: 1220 daAuts
     D:2: 991 daAuts
     D:5: 954 daAuts
     D:1: 904 daAuts
     D:3: 888 daAuts
     D:6: 719 daAuts
     D:8: 330 daAuts
  Temple: 61 daAuts
